 Dungeon Crawl Stone Soup version 0.20-a0-16-g0876c8e (webtiles) character file.

45 KristoblXynda the Covered (level 3, 0/26 HPs)
             Began as a Minotaur Wizard on Nov 3, 2016.
             Slain by a bat (1 damage)
             ... on level 2 of the Dungeon.
             The game lasted 00:06:03 (1960 turns).

KristoblXynda the Covered (Minotaur Wizard)         Turns: 1960, Time: 00:06:04

Health: 0/26       AC:  2    Str: 11    XL:     3   Next: 42%
Magic:  4/5        EV: 15    Int: 21    God:
Gold:   59         SH:  0    Dex:  8    Spells: 2 memorised, 3 levels left

rFire  . . .     SeeInvis .     h - +0 short sword
rCold  . . .     Gourm    .     a - +0 robe
rNeg   . . .     Faith    .     (no shield)
rPois  .         Spirit   .     b - +0 hat
rElec  .         Reflect  .     (no cloak)
rCorr  .         Harm     .     (no gloves)
MR     .....                    (no boots)
Stlth  +.........               (no amulet)
                                k - +3 ring of evasion
                                n - +5 ring of intelligence

@: no status effects
A: retaliatory headbutt, horns 2
a: no special abilities


You were on level 2 of the Dungeon.
You were not hungry.

You visited 1 branch of the dungeon, and saw 2 of its levels.

You collected 59 gold pieces.

Inventory:

Hand Weapons
 h - a +0 short sword (weapon)
Armour
 a - a +0 robe (worn)
 b - a +0 hat (worn)
 g - a +0 ring mail
Jewellery
 k - a +3 ring of evasion (right hand)
 n - a +5 ring of intelligence (left hand)
Scrolls
 f - a scroll of magic mapping {unknown}
 i - a scroll of remove curse {unknown}
 j - 3 scrolls of teleportation {unknown}
 l - a scroll of noise {unknown}
Potions
 e - a potion of haste {unknown}
 m - a potion of might {unknown}
 p - a potion of invisibility {unknown}
Books
 c - a book of Minor Magic

   Spells                             Type                      Level
   a - Magic Dart                     Conjuration                  1
   b - Blink                          Translocation                2
   c - Call Imp                       Summoning                    2
   d - Repel Missiles                 Charms/Air                   2
   e - Slow                           Hexes                        2
   f - Conjure Flame                  Conjuration/Fire             3
   g - Mephitic Cloud                 Conjuration/Poison/Air       3
Comestibles
 d - 2 bread rations
 o - a meat ration


   Skills:
 + Level 2.4 Armour
 - Level 2.1 Dodging
 - Level 1.5 Stealth
 - Level 2.1 Spellcasting
 + Level 1.6 Conjurations
   Level 0.6 Summonings
 + Level 0.9 Translocations


You had 3 spell levels left.
You knew the following spells:

 Your Spells              Type           Power        Failure   Level  Hunger
a - Magic Dart            Conj           #...         10%         1    #......
b - Blink                 Tloc           N/A          14%         2    ##.....


Dungeon Overview and Level Annotations

Branches:
Dungeon (2/15)

Altars:


Innate Abilities, Weirdness & Mutations

You reflexively headbutt those who attack you in melee.
You have a pair of horns on your head.


Message History

* * * LOW HITPOINT WARNING * * *
You see here a rat corpse.
A giant cockroach comes into view.
Your magical contamination has completely faded away.
A rat comes into view.
The giant cockroach bites you.
* * * LOW HITPOINT WARNING * * *
A bat comes into view.
The giant cockroach bites you but does no damage.
The bat closely misses you. The giant cockroach bites you.
* * * LOW HITPOINT WARNING * * *
The bat closely misses you.
Found a stone staircase leading up.
The bat barely misses you. The bat barely misses you.
You found a shaft!
The bat hits you but does no damage. The bat misses you.
There is a shaft here.
The bat hits you.
You die...

#.##### ###.#######.##
#.#.... #............#
#.#.#.# #.#........#.####
#.#.#.# #g#.........."..#
#.#.#.# #.####'###..#.#.#
###r#.#.###.# #.###......#
#...........# #.##....†..#
#....##.########..'.......#
#...g+..s.b@...#..#....#..#
#....##g#####..#..#######.#
#....##.....# .#..# ..#
#.....gs..#.# .... .#
#....g###.# ##.## #####..
.<. ..# .... ...# ## ......
..# ..........#


You could see a gnoll, a giant cockroach and a bat.

Vanquished Creatures
  A gnoll (D:2)
  An adder (D:2)
  A leopard gecko (D:1)
  A giant cockroach (D:1)
  3 goblins (D:1)
  4 hobgoblins
  3 kobolds (D:1)
  A quokka (D:2)
  3 ball pythons
  3 bats (D:1)
  2 frilled lizards
  2 rats
25 creatures vanquished.

Notes
Turn   | Place    | Note
-------+----------+-------------------------------------------
     0 | D:1      | KristoblXynda the Minotaur Wizard began the quest for the Orb.
     0 | D:1      | Reached XP level 1. HP: 14/14 MP: 2/2
   215 | D:1      | Reached skill level 1 in Armour
   215 | D:1      | Reached skill level 1 in Conjurations
   298 | D:1      | Reached XP level 2. HP: 9/20 MP: 0/4
  1760 | D:2      | Reached XP level 3. HP: 26/26 MP: 1/5
  1764 | D:2      | Learned a level 2 spell: Blink
  1954 | D:2      | HP: 1/26 [giant cockroach (2)]
  1960 | D:2      | Slain by a bat

Vault maps used:
D:1:      dpeg_arrival_shelter
D:2:      kennysheep_vampire_church, cheibrodos_gnoll_hut

Skill      XL: |  1  2 |
---------------+-------+-----
Armour         | 1 2 |  2.4
Conjurations   | 1 |  1.6
Dodging        | |  2.1
Stealth        | |  1.5
Spellcasting   | |  2.1
Summonings     | |  0.6
Translocations | |  0.9

Action                   || total
-------------------------++-------
Melee: Unarmed           ||    46
       Headbutt          ||     8
       Short sword       ||    38
 Cast: Magic Dart        ||    27
 Stab: Sleeping          ||     2
  Eat: Bread ration      ||     1
Armor: Robe              ||    10
Dodge: Dodged            ||    56
